AoeStats
← 从不压堡之人

Nomad

509609485Analyzed
4v4 RM · 5d ago on Sep 27, 2026· 20m 12s· 8 players
Game mode
Random Map
Map size
231×231
Population
200
Speed
Normal
Resources
Standard
Victory
Conquest
Starting age
Dark Age
Ending age
Imperial Age
RankedLock teamsTeams togetherTeam positionsShared explorationLock speedFull tech treeHidden civsTurbo modeCheats
Victory
Defeat
🇮🇪 Varangians · Ireland
960
+18
🇬🇧 Byzantines · United Kingdom
935
+19
🇧🇪 Inca · Belgium
919
+20
🇸🇰 Mongols · Slovakia
887
+21
🇨🇳 Turks · China
1018
-20
🇨🇳 Tupi · China
1014
-20
🇨🇳 Mongols · China
1010
-20
972
-18
vanherenthals.remy
9:10 Loom
13:45 Feudal Age
21:55 Castle Age
Kaizoku Oh
10:09 Loom
15:51 Feudal Age
21:00 Castle Age
Thegreatnoticing
4:02 Loom
4:23 Loom
15:01 Feudal Age
Fireman
3:34 Loom
16:27 Feudal Age
17:07 Double-Bit Axe
17:06 Horse Collar
17:33 Gold Mining
洗心革面重新做人TownYan
14:04 Feudal Age
17:43 Castle Age
16:57 Gold Mining
16:55 Double-Bit Axe
18:31 Loom
19:21 Wheelbarrow
19:44 Bow Saw
从不压堡之人
15:20 Feudal Age
18:55 Castle Age
16:46 Fishing Lines
16:49 Horse Collar
17:03 Double-Bit Axe
17:20 Horse Collar
18:00 Scale Mail Armor
18:33 Forging
17:54 Champi Runner
18:22 Arson
18:57 Champi Warrior
19:37 Squires
19:53 Chain Mail Armor
20:13 Iron Casting
LLK是给
4:36 Loom
14:11 Feudal Age
14:43 Double-Bit Axe
15:09 Town Watch
15:13 Fishing Lines
16:07 Scale Barding Armor
16:12 Forging
19:45 Bloodlines
20:29 Wheelbarrow
我怕你审判长?
4:51 Loom
14:25 Feudal Age
15:16 Double-Bit Axe
16:35 Forging
16:15 Fletching
Connection lost

Rejoining the realm…

Still unreachable

The connection could not be restored.

Session expired

The server has moved on; the page needs a fresh start.